3AAA
SCRANTON SUPERNOVAS @ BRINKLEY BELUGAS
07/04/2020
 
TOP OF THE 1ST
Scranton Supernovas batting - Pitching for Brinkley Belugas : RHP José Cabrera
Pitching: RHP José Cabrera
Batting: LHB Mark Evans 0-0: Called Strike
0-1: Called Strike
0-2: Foul Ball, location: 2F
0-2: Foul Ball, location: 2F
0-2: Ball
1-2: Ball
2-2: Strikes out looking
Batting: LHB Francisco Ortega 0-0: Ball
1-0: Fly out, F8 (Flyball, 8RM)
Batting: RHB António Granados 0-0: Ball
1-0: Ball
2-0: Ball
3-0: Base on Balls
Batting: RHB Lance Davis 0-0: Ball
1-0: Foul Ball, location: 2F
1-1: Fly out, F9 (Flyball, 9M)
Top of the 1st over - 0 run(s), 0 hit(s), 0 error(s), 1 left on base; Scranton 0 - Brinkley 0
BOTTOM OF THE 1ST
Brinkley Belugas batting - Pitching for Scranton Supernovas : RHP Jason Ackerman
Pitching: RHP Jason Ackerman
Batting: LHB Arturo Hernández 0-0: Ball
1-0: Called Strike
1-1: Ball
2-1: Fly out, F8 (Flyball, 8RS)
Batting: RHB Shawn Hicks 0-0: Fly out, F9 (Flyball, 89M)
Batting: LHB Roger Shaffer 0-0: Ball
1-0: Foul Ball, location: 2F
1-1: Ball
2-1: Ball
3-1: Base on Balls
Batting: LHB Theodore Shaw 0-0: Ball
1-0: Foul Ball, location: 2F
1-1: Called Strike
1-2: Ball
2-2: Foul Ball, location: 2F
2-2: Ball
3-2: Fly out, F4 (Popup, 4)
Bottom of the 1st over - 0 run(s), 0 hit(s), 0 error(s), 1 left on base; Scranton 0 - Brinkley 0
TOP OF THE 2ND
Scranton Supernovas batting - Pitching for Brinkley Belugas : RHP José Cabrera
Batting: RHB Thomas Campbell 0-0: Called Strike
0-1: Ground out 6-3 (Groundball, 6)
Batting: RHB Jerome Wilson 0-0: Fly out, F6 (Line Drive, 6M)
Batting: SHB Neil Nash 0-0: Called Strike
0-1: Ground out 4-3 (Groundball, 34)
Top of the 2nd over - 0 run(s), 0 hit(s), 0 error(s), 0 left on base; Scranton 0 - Brinkley 0
BOTTOM OF THE 2ND
Brinkley Belugas batting - Pitching for Scranton Supernovas : RHP Jason Ackerman
Batting: RHB Jason Weston 0-0: Ball
1-0: Ball
2-0: Foul Ball, location: 2F
2-1: Ground out 4-3 (Groundball, 4)
Batting: RHB Guillermo Montoya 0-0: Ball
1-0: Called Strike
1-1: Ball
2-1: Called Strike
2-2: Ball
3-2: Fly out, F9 (Flyball, 9D)
Batting: RHB Roberto Ramírez 0-0: Ball
1-0: Fly out, F8 (Flyball, 8LXD)
Bottom of the 2nd over - 0 run(s), 0 hit(s), 0 error(s), 0 left on base; Scranton 0 - Brinkley 0
TOP OF THE 3RD
Scranton Supernovas batting - Pitching for Brinkley Belugas : RHP José Cabrera
Batting: RHB Sergio Canales 0-0: SINGLE (Groundball, 4MD)
Batting: RHB Chris Teague 0-0: Called Strike
Sergio Canales steals 2nd base
0-1: Ball
1-1: Swinging Strike
1-2: Strikes out swinging
Batting: LHB Mark Evans 0-0: Ball
1-0: Ball
2-0: Ball
3-0: Called Strike
3-1: Foul Ball, location: 2F
3-2: Fly out, F7 (Popup, 6D)
Batting: LHB Francisco Ortega 0-0: Foul Ball, location: 2F
0-1: Foul Ball, location: 2F
0-2: Ground out 4-3 (Groundball, 4)
Top of the 3rd over - 0 run(s), 1 hit(s), 0 error(s), 1 left on base; Scranton 0 - Brinkley 0
BOTTOM OF THE 3RD
Brinkley Belugas batting - Pitching for Scranton Supernovas : RHP Jason Ackerman
Batting: RHB Tomás Gonzáles 0-0: Ball
1-0: Ball
2-0: Called Strike
2-1: Ball
3-1: Called Strike
3-2: Ground out U3 (Groundball, 3S)
Batting: RHB Manny Carbajal 0-0: Ball
1-0: Called Strike
1-1: Ball
2-1: Foul Ball, location: 2F
2-2: Foul Ball, location: 2F
2-2: Foul Ball, location: 2F
2-2: Foul Ball, location: 2F
2-2: Ball
3-2: Ground out 4-3 (Groundball, 4)
Batting: LHB Arturo Hernández 0-0: Ball
1-0: Foul Ball, location: 2F
1-1: Fly out, F5 (Popup, 5F)
Bottom of the 3rd over - 0 run(s), 0 hit(s), 0 error(s), 0 left on base; Scranton 0 - Brinkley 0
TOP OF THE 4TH
Scranton Supernovas batting - Pitching for Brinkley Belugas : RHP José Cabrera
Batting: RHB António Granados 0-0: SINGLE (Flyball, 89M)
Batting: RHB Lance Davis 0-0: Ball
1-0: SINGLE (Line Drive, 4MD)
António Granados to second
Batting: RHB Thomas Campbell 0-0: Ball
1-0: Swinging Strike
1-1: SINGLE (Groundball, 6D)
António Granados to third
Lance Davis to second
Runner from 3rd tries for Home, SAFE, no throw or cutoff
Batting: RHB Jerome Wilson 0-0: Foul Ball, location: 2F
0-1: Fly out, F8 (Line Drive, 8RM)
Batting: SHB Neil Nash 0-0: Ball
1-0: Fielders Choice at 2nd, 5-4 (Groundball, 56)
Lance Davis to third
Batting: RHB Sergio Canales 0-0: Ball
1-0: SINGLE (Line Drive, 34D)
Lance Davis scores
Neil Nash to second
Batting: RHB Chris Teague 0-0: Called Strike
0-1: Ball
1-1: Foul Ball, location: 2F
1-2: Ball
2-2: Fielders Choice at 2nd, 5-4 (Groundball, 56)
Top of the 4th over - 2 run(s), 4 hit(s), 0 error(s), 1 left on base; Scranton 2 - Brinkley 0
BOTTOM OF THE 4TH
Brinkley Belugas batting - Pitching for Scranton Supernovas : RHP Jason Ackerman
Batting: RHB Shawn Hicks 0-0: Foul Ball, location: 2F
0-1: Ball
1-1: Bunt for hit - play at first, batter safe!
Batting: LHB Roger Shaffer 0-0: Ball
1-0: Swinging Strike
1-1: Ball
2-1: Foul Ball, location: 2F
2-2: Foul Ball, location: 2F
2-2: Strikes out looking
Batting: LHB Theodore Shaw 0-0: Ball
1-0: Ball
2-0: Called Strike
2-1: Fly out, F6 (Popup, 56)
Batting: RHB Jason Weston 0-0: Ball
1-0: Ball
2-0: Foul Ball, location: 2F
2-1: Foul Ball, location: 2F
2-2: Ball
3-2: Foul Ball, location: 2F
3-2: Base on Balls
Shawn Hicks to second
Batting: RHB Guillermo Montoya 0-0: Called Strike
0-1: Called Strike
0-2: Ball
1-2: Strikes out looking
Bottom of the 4th over - 0 run(s), 1 hit(s), 0 error(s), 2 left on base; Scranton 2 - Brinkley 0
TOP OF THE 5TH
Scranton Supernovas batting - Pitching for Brinkley Belugas : RHP José Cabrera
Batting: LHB Mark Evans 0-0: Called Strike
0-1: Ball
1-1: Ground out 4-3 (Groundball, 4)
Batting: LHB Francisco Ortega 0-0: Ball
1-0: Foul Ball, location: 2F
1-1: Foul Ball, location: 2F
1-2: Strikes out looking
Batting: RHB António Granados 0-0: Foul Ball, location: 2F
0-1: Called Strike
0-2: Strikes out looking
Top of the 5th over - 0 run(s), 0 hit(s), 0 error(s), 0 left on base; Scranton 2 - Brinkley 0
BOTTOM OF THE 5TH
Brinkley Belugas batting - Pitching for Scranton Supernovas : RHP Jason Ackerman
Batting: RHB Roberto Ramírez 0-0: Foul Ball, location: 2F
0-1: Ball
1-1: Swinging Strike
1-2: Strikes out swinging
Batting: RHB Tomás Gonzáles 0-0: Called Strike
0-1: Ball
1-1: Foul Ball, location: 2F
1-2: Ground out 4-3 (Groundball, 4)
Batting: RHB Manny Carbajal 0-0: Called Strike
0-1: Swinging Strike
0-2: Strikes out swinging
Bottom of the 5th over - 0 run(s), 0 hit(s), 0 error(s), 0 left on base; Scranton 2 - Brinkley 0
TOP OF THE 6TH
Scranton Supernovas batting - Pitching for Brinkley Belugas : RHP José Cabrera
Batting: RHB Lance Davis 0-0: Called Strike
0-1: Ground out 6-3 (Groundball, 6M)
Batting: RHB Thomas Campbell 0-0: Foul Ball, location: 2F
0-1: Fly out, F8 (Flyball, 8LM)
Batting: RHB Jerome Wilson 0-0: Ball
1-0: Ground out 1-3 (Groundball, 23)
Top of the 6th over - 0 run(s), 0 hit(s), 0 error(s), 0 left on base; Scranton 2 - Brinkley 0
BOTTOM OF THE 6TH
Brinkley Belugas batting - Pitching for Scranton Supernovas : RHP Jason Ackerman
Batting: LHB Arturo Hernández 0-0: Foul Ball, location: 2F
0-1: Swinging Strike
0-2: Ball
1-2: Foul Ball, location: 2F
1-2: Fly out, F8 (Flyball, 8LM)
Batting: RHB Shawn Hicks 0-0: Ball
1-0: SINGLE (Groundball, 4MD)
Batting: LHB Roger Shaffer 0-0: Called Strike
Shawn Hicks steals 2nd base
0-1: Ball
1-1: Called Strike
1-2: Ball
2-2: Ball
3-2: Fly out, F9 (Line Drive, 89D)
Runner from 2nd tags up, SAFE at 3rd, no throw
Batting: LHB Theodore Shaw 0-0: Called Strike
0-1: Ball
1-1: Ball
2-1: Fly out, F7 (Flyball, 78D)
Bottom of the 6th over - 0 run(s), 1 hit(s), 0 error(s), 1 left on base; Scranton 2 - Brinkley 0
TOP OF THE 7TH
Scranton Supernovas batting - Pitching for Brinkley Belugas : RHP José Cabrera
Batting: SHB Neil Nash 0-0: Ball
1-0: Called Strike
1-1: Swinging Strike
1-2: Ball
2-2: Foul Ball, location: 2F
2-2: Ball
3-2: Strikes out swinging
Batting: RHB Sergio Canales 0-0: Called Strike
0-1: SINGLE (Line Drive, 4D)
Batting: RHB Chris Teague 0-0: Ball
1-0: Foul Ball, location: 2F
1-1: Ball
2-1: Grounds into double play, 5-4-3 (Groundball, 56)
Top of the 7th over - 0 run(s), 1 hit(s), 0 error(s), 0 left on base; Scranton 2 - Brinkley 0
BOTTOM OF THE 7TH
Brinkley Belugas batting - Pitching for Scranton Supernovas : RHP Jason Ackerman
Batting: RHB Jason Weston 0-0: Called Strike
0-1: Ground out 6-3 (Groundball, 6S)
Batting: RHB Guillermo Montoya 0-0: Called Strike
0-1: Foul Ball, location: 2F
0-2: Ball
1-2: Strikes out swinging
Batting: RHB Roberto Ramírez 0-0: Ball
1-0: Ball
2-0: Called Strike
2-1: Foul Ball, location: 2F
2-2: Foul Ball, location: 2F
2-2: Strikes out swinging
Bottom of the 7th over - 0 run(s), 0 hit(s), 0 error(s), 0 left on base; Scranton 2 - Brinkley 0
TOP OF THE 8TH
Scranton Supernovas batting - Pitching for Brinkley Belugas : RHP José Cabrera
Batting: LHB Mark Evans 0-0: Called Strike
0-1: Ground out 6-3 (Groundball, 6M)
Batting: LHB Francisco Ortega 0-0: Called Strike
0-1: Ball
1-1: Ground out 4-3 (Groundball, 4)
Batting: RHB António Granados 0-0: Ball
1-0: Called Strike
1-1: SINGLE (Flyball, 9LS)
Batting: RHB Lance Davis 0-0: Ball
1-0: Swinging Strike
1-1: Ball
2-1: Fly out, F9 (Flyball, 9S)
Top of the 8th over - 0 run(s), 1 hit(s), 0 error(s), 1 left on base; Scranton 2 - Brinkley 0
BOTTOM OF THE 8TH
Brinkley Belugas batting - Pitching for Scranton Supernovas : RHP Jason Ackerman
Batting: RHB Tomás Gonzáles 0-0: Ball
1-0: Ball
2-0: Called Strike
2-1: Foul Ball, location: 2F
2-2: Foul Ball, location: 2F
2-2: Ball
3-2: Foul Ball, location: 2F
3-2: Foul Ball, location: 2F
3-2: Base on Balls
Batting: RHB Manny Carbajal 0-0: Fielders Choice at 2nd, 6-4 (Groundball, 6M)
Batting: LHB Arturo Hernández 0-0: Ball
1-0: Foul Ball, location: 2F
1-1: SINGLE (Line Drive, 34D)
Manny Carbajal to second
Pitching: RHP Jim Unknown
Pinch Hitting: LHB Horace Ritchie 0-0: Called Strike
0-1: Ball
1-1: Foul Ball, location: 2F
1-2: Ball
2-2: Ball
Wild Pitch!
Manny Carbajal to third
Arturo Hernández to second
3-2: Ground out U3 (Groundball, 3)
Batting: LHB Roger Shaffer 0-0: Called Strike
0-1: Ball
1-1: Swinging Strike
1-2: Strikes out looking
Bottom of the 8th over - 0 run(s), 1 hit(s), 0 error(s), 2 left on base; Scranton 2 - Brinkley 0
TOP OF THE 9TH
Scranton Supernovas batting - Pitching for Brinkley Belugas : RHP José Cabrera
Now at 2B: Edward Baker
Batting: RHB Thomas Campbell 0-0: Ground out 3-1 (Groundball, 3)
Batting: RHB Jerome Wilson 0-0: Ball
1-0: Foul Ball, location: 2F
1-1: Foul Ball, location: 2F
1-2: Strikes out swinging
Batting: SHB Neil Nash 0-0: Foul Ball, location: 2F
0-1: Ground out 4-3 (Groundball, 4)
Top of the 9th over - 0 run(s), 0 hit(s), 0 error(s), 0 left on base; Scranton 2 - Brinkley 0
BOTTOM OF THE 9TH
Brinkley Belugas batting - Pitching for Scranton Supernovas : RHP Jim Unknown
Now at 3B: Pedro Robles
Batting: LHB Theodore Shaw 0-0: Ground out 1-3 (Groundball, 15)
Batting: RHB Jason Weston 0-0: SINGLE (Groundball, 34D)
Batting: RHB Guillermo Montoya 0-0: SINGLE (Flyball, 7LM)
Jason Weston to second
Pinch Runner at 2nd Phil Ritchie:
Batting: RHB Roberto Ramírez 0-0: Ball
1-0: Foul Ball, location: 2F
1-1: Called Strike
1-2: Ball
2-2: Foul Ball, location: 2F
2-2: Grounds into double play, U5-3 (Groundball, 5L)
Bottom of the 9th over - 0 run(s), 2 hit(s), 0 error(s), 1 left on base; Scranton 2 - Brinkley 0
This league is powered by Out of the Park Baseball, the baseball management simulation game for PC, Mac and Linux
Friday, October 23rd, 2015 - OOTP Baseball 16.9 Build 39